 Dungeon Crawl Stone Soup version 0.22.0-75-g3901e79 (webtiles) character file.

28 whitewolfNL the Skirmisher (level 3, -2/41 HPs)
             Began as an Ogre Berserker on Sept 13, 2018.
             Was a Follower of Trog.
             Slain by an adder (5 damage)
             ... on level 2 of the Dungeon.
             The game lasted 00:14:31 (1766 turns).

whitewolfNL the Skirmisher (Ogre Berserker)         Turns: 1766, Time: 00:14:31

Health: -2/41      AC:  3    Str: 20    XL:     3   Next: 12%
Magic:  2/2        EV: 10    Int:  8    God:    Trog [*.....]
Gold:   77         SH:  0    Dex:  8    Spells: 2/2 levels left

rFire    . . .     SeeInvis .   l - +0 mace
rCold    . . .     Gourm    .   (no shield)
rNeg     . . .     Faith    .   i - +0 robe
rPois    +         Spirit   .   (helmet restricted)
rElec    .         Reflect  .   (no cloak)
rCorr    .         Harm     .   (gloves unavailable)
MR       .....                  (boots unavailable)
Stlth    +.........             (no amulet)
HPRegen  0.13/turn              o - -2 ring of strength (curse)
MPRegen  0.08/turn              (no ring)

@: lethally poisoned (-2 -> -10)
A: large, unfitting armour, blink, low mp 1, poison resistance, tough skin 1,
wild magic 1
a: Blink, Berserk, Renounce Religion


You were on level 2 of the Dungeon.
You worshipped Trog.
Trog was aware of your devotion.
You were hungry.

You visited 1 branch of the dungeon, and saw 2 of its levels.

You collected 77 gold pieces.

Inventory:

Hand Weapons
 l - a +0 mace (weapon)
Missiles
 d - 57 stones (quivered)
Armour
 a - a +0 ring mail
 i - a +0 robe (worn)
Jewellery
 o - a cursed -2 ring of strength (left hand)
Scrolls
 e - a scroll of blinking {unknown}
 g - a scroll of identify {unknown}
 h - 2 scrolls of fear {unknown}
 j - a scroll of magic mapping {unknown}
Potions
 b - a potion of lignification {unknown}
 f - a potion of mutation
 m - a potion of agility {unknown}
 n - a potion of heal wounds {unknown}
Comestibles
 c - 4 rations
 k - 2 chunks of flesh


   Skills:
 * Level 4.8 Fighting
 - Level 2.8 Maces & Flails
 + Level 3.0 Dodging
 * Level 0.6 Stealth


You had 2 spell levels left.
You didn't know any spells.
Your spell library was empty.

Dungeon Overview and Level Annotations

Branches:
Dungeon (2/15)

Altars:


Innate Abilities, Weirdness & Mutations

You are too large for most types of armour.
You have tough skin. (AC +1)
You can translocate small distances at will.
Your magical capacity is low. (-10% MP)
Your system is resistant to poisons. (rPois)
Your spells are a little harder to cast, but a little more powerful.


Message History

The adder poisons you! The adder bites you.
* * * LOW HITPOINT WARNING * * *
You feel sick.
You feel sick. The adder misses you.
You feel sick. The adder bites you.
* * * LOW HITPOINT WARNING * * *
You are lethally poisoned!
The adder poisons you!
* * * LOW HITPOINT WARNING * * *
You feel sick.
* * * LOW HITPOINT WARNING * * *
You feel sick.
* * * LOW HITPOINT WARNING * * *
You feel sick. The adder completely misses you.
It was a potion of mutation.
You feel extremely strange.
You feel resistant to poisons.
You feel jittery.
You feel less energetic.
You feel less in control of your magic. The adder bites you.
You die...

#### #.###.##### ..#
#.........# # ##.######.#
#####.###.# .. ... ......S...#
#....# #.# # #..
##.######.####.##.# #.# # #.#
#S........# #.# # #.#
#g####.#### #.# # #.# # ##S##
#.# #.# # #.#.# ##.@.###.# #.#
####.#.## #........# #.#
......#.. #....##### #.#
..##.###.#####.#.## #.# #...##
##.รท....#.# #.#
..##.###.#######.###########.#
......#.## #.............#
######.## #).############ ###
#..#


You could see 2 adders and a goblin.

Vanquished Creatures
  An ooze (D:2)
  A leopard gecko (D:2)
  A giant cockroach (D:1)
  4 goblins
  3 hobgoblins
  2 bats
  6 frilled lizards
  2 kobolds
  2 rats
22 creatures vanquished.

Notes
Turn   | Place    | Note
-------+----------+-------------------------------------------
     0 | D:1      | whitewolfNL the Ogre Berserker began the quest for the Orb.
     0 | D:1      | Reached XP level 1. HP: 24/24 MP: 1/1
   803 | D:1      | Reached XP level 2. HP: 27/32 MP: 2/2
  1648 | D:2      | Reached XP level 3. HP: 25/40 MP: 3/3
  1766 | D:2      | Gained mutation: Your system is resistant to poisons.
                  | (rPois) [potion of mutation]
  1766 | D:2      | Gained mutation: You can translocate small distances at
                  | will. [potion of mutation]
  1766 | D:2      | Gained mutation: Your magical capacity is low. (-10% MP)
                  | [potion of mutation]
  1766 | D:2      | Gained mutation: Your spells are a little harder to cast,
                  | but a little more powerful. [potion of mutation]
  1766 | D:2      | Slain by an adder

Skill      XL: |  1  2 |
---------------+-------+-----
Dodging        | 3 |  3.0
Fighting       | |  4.8
Maces & Flails | |  2.8
Stealth        | |  0.6

Action                   || total
-------------------------++-------
Melee: Mace              ||    83
  Use: Potion            ||     1
  Eat: Chunk             ||     2
Armor: Animal skin       ||     7
       Robe              ||    40
Dodge: Dodged            ||    61
